 Dungeon Crawl Stone Soup version 0.31.0-11-ge490571c62 (webtiles) character file.

Game seed: 12928855649813822686

2931 qw the Skirmisher (level 9, -3/52 HPs)
             Began as a Deep Elf Hunter on Feb 3, 2024.
             Was a Follower of Okawaru.
             Killed from afar by a gargoyle (14 damage)
             ... with a stone arrow
             ... on level 7 of the Dungeon.
             The game lasted 00:01:50 (5363 turns).

qw the Skirmisher (Deep Elf Hunter)                 Turns: 5363, Time: 00:01:50

Health: -3/52      AC: 12    Str: 12    XL:     9   Next: 50%
Magic:  14/14      EV: 14    Int: 15    God:    Okawaru [*.....]
Gold:   366        SH:  5    Dex: 18    Spells: 8/8 levels left

rFire   . . .        a - +0 shortbow
rCold   . . .        (shield currently unavailable)
rNeg    . . .        e - +0 ring mail
rPois   .            q - +1 helmet
rElec   .            (no cloak)
rCorr   .            f - +2 pair of gloves
SInv    .            (no boots)
Will    .....        d - amulet of reflection
Stlth   +            s - +4 ring of slaying {mikee}
HPRegen 0.28/turn    (no ring)
MPRegen 0.14/turn

%: reflection
@: about to teleport
A: iridescent scales 1
a: Renounce Religion, Heroism


You were on level 7 of the Dungeon.
You worshipped Okawaru.
Okawaru was aware of your devotion.
You visited 2 branches of the dungeon, and saw 8 of its levels.
You also visited: Ossuary.

You collected 366 gold pieces.


Innate Abilities, Weirdness & Mutations

You are partially covered in iridescent scales. (AC +2)


   Skills:
 - Level 4.1 Fighting
 - Level 14.0 Ranged Weapons
 - Level 2.0 Armour
 + Level 6.8 Dodging
 - Level 1.2 Stealth
 - Level 4.0 Invocations


You had 8 spell levels left.
You didn't know any spells.
Your spell library was empty.

Inventory:

Hand Weapons
 a - a +0 shortbow (weapon)
Armour
 e - a +0 ring mail (worn)
 f - a +2 pair of gloves (worn)
 q - a +1 helmet (worn)
Jewellery
 d - an amulet of reflection (around neck)
 g - an amulet of magic regeneration
 s - a +4 ring of slaying (left hand) {mikee}
 u - a ring of ice
Wands
 b - a wand of iceblast (5)
 c - a wand of polymorph (7)
 h - a wand of digging (5)
 j - a wand of light (6)
Scrolls
 l - a scroll of teleportation
 r - 2 scrolls of identify
 t - a scroll of brand weapon {unknown}
 v - a scroll of vulnerability {unknown}
Potions
 i - a potion of brilliance {unknown}
 k - 3 potions of curing
 m - a potion of might {unknown}
 n - a potion of cancellation {unknown}
 o - 2 potions of heal wounds
 p - a potion of mutation
 w - a potion of magic

Dungeon Overview and Level Annotations

Branches:
Dungeon (7/15)             Temple (1/1) D:6         Ossuary (visited)

Altars:
Ashenzari
Fedhas
Gozag
Hepliaklqana
Kikubaaqudgha
Makhleb
Okawaru
Qazlal
Ru
Sif Muna
Trog
Uskayaw
Vehumet
Wu Jian
Xom
Yredelemnul
Zin
The Shining One


Message History

Found 3 scrolls labelled WOINA ITEFI.
You shoot an arrow.
The arrow hits the gargoyle but does no damage.
The gargoyle is moderately damaged.
The gargoyle hits you with a +0 flail!
Something unseen opens the door.
You shoot an arrow.
The arrow hits the gargoyle but does no damage.
The gargoyle is moderately damaged.
You shoot an arrow.
The arrow hits the gargoyle but does no damage.
The gargoyle is moderately damaged.
The gargoyle hurls a stone arrow at you.
The stone arrow hits you!
A gargoyle comes into view. It is wielding a +0 flail.
Enter note:
Enter note:
Enter note:
Enter note:
Enter note:
Enter note:
5361 ||| RETREEEEATING.
Enter note:
Enter note:
Enter note:
Enter note:
Enter note:
Enter note:
5362 ||| RETREEEEATING.
The gargoyle hurls a stone arrow at you.
The stone arrow misses you. The gargoyle closely misses you.
The gargoyle hurls a stone arrow at you.
The stone arrow hits you!!
The gargoyle hurls a stone arrow at you.
The stone arrow misses you.
5363 ||| READING 2 scrolls of teleportation.
As you read the scroll of teleportation, it crumbles to dust.
You feel strangely unstable.
The gargoyle hurls a stone arrow at you.
The stone arrow hits you!
You die...

...# ## .. ###.## ##.# .. ?##
.## #.# #.# #.. ##'.+## ..# #.#
##.# #.# #+.....+###.# ##.##
.#.#
#.#?#....9..#8#.#######...#
.#.#
#.##'.9.........#.......#..
.#.##
#.##....8.........#####....
....###.# +.............# #...#
........# #.....@9#8#...# #..#.
....###.###+....9'###...# #..##
.........#
##+.'##$#..<.#####..##
#...###..### ###
###...........# ##.##
#....#######...#..####...# #.#
#............###...# #...#
#.####..###...###.....#.###...#
#.......# #.<.................#
#..####.###...###..##.#####..##


You could see 4 gargoyles.

Vanquished Creatures
  A wyvern (D:7)
  An ice beast (D:6)
  An ogre (D:5)
  3 sky beasts
  A black bear (D:6)
  A centaur (D:5)
  A bullfrog (D:7)
  6 necrophages (D:6)
  A scorpion (D:4)
  4 water moccasin zombies
  A burial acolyte (Ossuary)
  5 wights (D:7)
  A howler monkey (D:5)
  2 vampire bats (D:4)
  3 bombardier beetles
  2 jellies
  2 hounds
  A spectral scorpion (Ossuary)
  A gnoll bouda (D:6)
  3 sleepcaps
  Jessica (D:2)
  5 iguanas
  Ijyb (D:3)
  An orc wizard (D:6)
  2 crocodile zombies (Ossuary)
  2 mummies (Ossuary)
  14 adders
  11 gnolls
  A shadow imp (D:7)
  2 white imps
  2 ufetubi (D:6)
  4 adder zombies (Ossuary)
  4 dart slugs
  3 ribbon worms
  9 orcs
  2 bat skeletons (D:4)
  3 bat zombies (D:4)
  6 endoplasms
  A giant cockroach (D:2)
  8 gnoll zombies (Ossuary)
  9 goblins
  7 hobgoblins
  2 jackals (D:2)
  3 kobolds
  3 quokkas
  11 ball pythons
  8 bats
  3 frilled lizards
  4 jackal zombies (Ossuary)
  10 orc zombies (Ossuary)
  5 rats
188 creatures vanquished.

Notes
Turn   | Place    | Note
-------+----------+-------------------------------------------
     0 | D:1      | qw the Deep Elf Hunter began the quest for the Orb.
     0 | D:1      | Reached XP level 1. HP: 12/12 MP: 3/3
     0 | D:1      | 0 ||| qw: Version: 0.3-a-155-g5e7d8dd
     0 | D:1      | 0 ||| qw: Game counter: 3149
     0 | D:1      | 0 ||| qw: Melee chars always use a shield: true
     0 | D:1      | 0 ||| qw: God list: Okawaru
     0 | D:1      | 0 ||| qw: Allow faded altars: false
     0 | D:1      | 0 ||| qw: Do Orc after clearing Dungeon:15 true
     0 | D:1      | 0 ||| qw: Do second Lair branch before Depths: true
     0 | D:1      | 0 ||| qw: Lair rune preference: random
     0 | D:1      | 0 ||| qw: Goals: Normal
     0 | D:1      | 0 ||| PLANNING D:1-11
    82 | D:1      | Reached XP level 2. HP: 16/16 MP: 4/4
   120 | D:1      | Reached skill level 6 in Ranged Weapons
   401 | D:1      | Reached XP level 3. HP: 20/20 MP: 5/5
   509 | D:1      | 509 ||| UPGRADING to +0 pair of gloves.
   514 | D:1      | 514 ||| UPGRADING to +0 helmet.
   519 | D:1      | 519 ||| UPGRADING to amulet of reflection.
   524 | D:1      | 524 ||| READING scroll labelled JIEGIO ECLEGAT.
   527 | D:1      | 527 ||| READING scroll labelled JALYAJ OTRESOR.
   528 | D:1      | 528 ||| DROPPING scroll of butterflies.
   709 | D:2      | Reached skill level 7 in Ranged Weapons
  1004 | D:2      | Noticed Jessica
  1008 | D:2      | Killed Jessica
  1009 | D:2      | Reached XP level 4. HP: 16/25 MP: 6/6
  1205 | D:2      | Reached skill level 8 in Ranged Weapons
  1239 | D:2      | Reached XP level 5. HP: 29/29 MP: 7/7
  1344 | D:2      | 1344 ||| READING scroll labelled DUCIESHR QEREARGH.
  1344 | D:2      | 1344 ||| ENCHANTING +0 pair of gloves.
  1345 | D:2      | 1345 ||| READING scroll labelled HOQYOK DUWNO.
  1399 | D:2      | 1399 ||| DRINKING 2 fizzy green potions.
  1400 | D:2      | 1400 ||| DRINKING 2 cyan potions.
  1401 | D:2      | 1401 ||| DROPPING potion of degeneration.
  1604 | D:3      | Noticed Ijyb
  1617 | D:3      | 1617 ||| FLEEEEING.
  1618 | D:3      | 1618 ||| FLEEEEING.
  1619 | D:3      | 1619 ||| FLEEEEING.
  1620 | D:3      | 1620 ||| FLEEEEING.
  1621 | D:3      | 1621 ||| FLEEEEING.
  1622 | D:3      | 1622 ||| FLEEEEING.
  1623 | D:3      | 1623 ||| FLEEEEING.
  1624 | D:3      | 1624 ||| FLEEEEING.
  1625 | D:3      | 1625 ||| FLEEEEING.
  1626 | D:3      | 1626 ||| FLEEEEING.
  1627 | D:3      | 1627 ||| FLEEEEING.
  1628 | D:3      | 1628 ||| FLEEEEING.
  1629 | D:3      | 1629 ||| FLEEEEING.
  1630 | D:3      | 1630 ||| FLEEEEING.
  1631 | D:3      | 1631 ||| FLEEEEING.
  1632 | D:3      | 1632 ||| FLEEEEING.
  1633 | D:3      | 1633 ||| FLEEEEING.
  1634 | D:3      | 1634 ||| FLEEEEING.
  1635 | D:3      | 1635 ||| FLEEEEING.
  1636 | D:3      | 1636 ||| FLEEEEING.
  1637 | D:3      | 1637 ||| FLEEEEING.
  1638 | D:3      | 1638 ||| FLEEEEING.
  1639 | D:3      | 1639 ||| FLEEEEING.
  1640 | D:3      | 1640 ||| FLEEEEING.
  1641 | D:3      | 1641 ||| FLEEEEING.
  1642 | D:3      | 1642 ||| FLEEEEING.
  1643 | D:3      | 1643 ||| FLEEEEING.
  1644 | D:3      | 1644 ||| FLEEEEING.
  1645 | D:3      | 1645 ||| FLEEEEING.
  1646 | D:3      | 1646 ||| FLEEEEING.
  1647 | D:3      | 1647 ||| FLEEEEING.
  1648 | D:3      | 1648 ||| STAIRDANCE
  1650 | D:2      | 1650 ||| FLEEEEING.
  1651 | D:2      | 1651 ||| FLEEEEING.
  1652 | D:2      | 1652 ||| FLEEEEING.
  1653 | D:2      | 1653 ||| FLEEEEING.
  1654 | D:2      | 1654 ||| FLEEEEING.
  1655 | D:2      | 1655 ||| FLEEEEING.
  1656 | D:2      | 1656 ||| FLEEEEING.
  1657 | D:2      | 1657 ||| FLEEEEING.
  1658 | D:2      | 1658 ||| FLEEEEING.
  1659 | D:2      | 1659 ||| FLEEEEING.
  1660 | D:2      | 1660 ||| FLEEEEING.
  1661 | D:2      | 1661 ||| FLEEEEING.
  1662 | D:2      | 1662 ||| FLEEEEING.
  1663 | D:2      | 1663 ||| FLEEEEING.
  1664 | D:2      | 1664 ||| FLEEEEING.
  1665 | D:2      | 1665 ||| FLEEEEING.
  1674 | D:2      | 1674 ||| UPGRADING to +0 ring mail.
  1684 | D:2      | 1684 ||| DROPPING +0 leather armour.
  1711 | D:3      | 1711 ||| FLEEEEING.
  1712 | D:3      | 1712 ||| FLEEEEING.
  1713 | D:3      | 1713 ||| FLEEEEING.
  1714 | D:3      | 1714 ||| FLEEEEING.
  1715 | D:3      | 1715 ||| FLEEEEING.
  1716 | D:3      | 1716 ||| FLEEEEING.
  1717 | D:3      | 1717 ||| STAIRDANCE
  1719 | D:2      | 1719 ||| FLEEEEING.
  1720 | D:2      | 1720 ||| FLEEEEING.
  1721 | D:2      | 1721 ||| FLEEEEING.
  1722 | D:2      | 1722 ||| FLEEEEING.
  1723 | D:2      | 1723 ||| FLEEEEING.
  1724 | D:2      | 1724 ||| FLEEEEING.
  1725 | D:2      | 1725 ||| FLEEEEING.
  1726 | D:2      | 1726 ||| FLEEEEING.
  1727 | D:2      | 1727 ||| FLEEEEING.
  1728 | D:2      | 1728 ||| FLEEEEING.
  1729 | D:2      | 1729 ||| FLEEEEING.
  1730 | D:2      | 1730 ||| FLEEEEING.
  1731 | D:2      | 1731 ||| FLEEEEING.
  1755 | D:3      | Killed Ijyb
  1756 | D:3      | Reached skill level 9 in Ranged Weapons
  1807 | D:3      | 1807 ||| FLEEEEING.
  1808 | D:3      | 1808 ||| FLEEEEING.
  1809 | D:3      | 1809 ||| FLEEEEING.
  1810 | D:3      | 1810 ||| FLEEEEING.
  1811 | D:3      | 1811 ||| FLEEEEING.
  1924 | D:3      | Found a faded altar of an unknown god.
  2368 | D:3      | 2368 ||| READING scroll labelled SUOGON WATAANK.
  2368 | D:3      | 2368 ||| IDENTIFYING metallic white potion
  2369 | D:3      | 2369 ||| DRINKING 2 orange potions.
  2411 | D:4      | 2411 ||| PLANNING OSSUARY
  2436 | D:4      | Reached skill level 1 in Armour
  2436 | D:4      | Reached XP level 6. HP: 34/35 MP: 8/8
  2629 | D:4      | Found a stormy altar of Qazlal.
  2704 | D:4      | Found a sand-covered staircase.
  2705 | D:4      | 2705 ||| UPGRADING to +1 helmet.
  2715 | D:4      | 2715 ||| DROPPING +0 helmet.
  2716 | D:4      | 2716 ||| UPGRADING to +4 ring of slaying {mikee}.
  2717 | D:4      | 2717 ||| READING scroll labelled CAONANT ZUKHLIT.
  2718 | D:4      | 2718 ||| READING scroll labelled LUANGU NUBLY.
  2719 | D:4      | 2719 ||| DRINKING 2 viscous blue potions.
  2720 | D:4      | 2720 ||| DRINKING 2 fuming dark potions.
  2761 | D:4      | 2761 ||| DRINKING 2 clear potions.
  2761 | D:4      | Gained mutation: You are partially covered in iridescent
                  | scales. (AC +2) [potion of mutation]
  2762 | D:4      | 2762 ||| DROPPING potion of attraction.
  2763 | D:4      | 2763 ||| DROPPING potion of lignification.
  2770 | Ossuary  | Entered an ossuary
  2807 | Ossuary  | Reached skill level 10 in Ranged Weapons
  2816 | Ossuary  | Reached skill level 3 in Dodging
  2816 | Ossuary  | 2816 ||| DRINKING potion of haste.
  2824 | Ossuary  | Reached XP level 7. HP: 38/40 MP: 9/9
  2941 | Ossuary  | Reached skill level 11 in Ranged Weapons
  2995 | Ossuary  | 2995 ||| READING scroll of enchant armour.
  2995 | Ossuary  | 2995 ||| ENCHANTING +1 pair of gloves.
  3009 | Ossuary  | 3009 ||| DRINKING 2 pink potions.
  3010 | Ossuary  | 3010 ||| DROPPING potion of invisibility.
  3017 | D:4      | 3017 ||| PLANNING D:1-11
  3074 | D:4      | Found an ancient bone altar of Kikubaaqudgha.
  3124 | D:5      | Entered Level 5 of the Dungeon
  3152 | D:5      | Reached skill level 12 in Ranged Weapons
  3161 | D:5      | 3161 ||| FLEEEEING.
  3165 | D:5      | 3165 ||| FLEEEEING.
  3166 | D:5      | 3166 ||| FLEEEEING.
  3167 | D:5      | 3167 ||| FLEEEEING.
  3168 | D:5      | 3168 ||| FLEEEEING.
  3169 | D:5      | 3169 ||| FLEEEEING.
  3170 | D:5      | 3170 ||| FLEEEEING.
  3171 | D:5      | 3171 ||| STAIRDANCE
  3419 | D:5      | Reached skill level 3 in Fighting
  3419 | D:5      | Reached XP level 8. HP: 34/46 MP: 10/10
  3714 | D:5      | 3714 ||| READING scroll labelled ZEODUWKUMN.
  3715 | D:5      | 3715 ||| DRINKING 2 fizzy golden potions.
  3716 | D:5      | 3716 ||| DROPPING potion of magic.
  3894 | D:6      | Found a staircase to the Ecumenical Temple.
  3895 | D:6      | 3895 ||| PLANNING TEMPLE
  3904 | Temple   | Entered the Ecumenical Temple
  3904 | Temple   | Noticed a sun demon
  3904 | Temple   | Noticed a Brimstone Fiend
  3905 | Temple   | 3905 ||| PLANNING OKAWARU WORSHIP
  3905 | Temple   | Noticed Baifott the pandemonium lord
  3905 | Temple   | Noticed Akkitt the pandemonium lord
  3906 | Temple   | Noticed a Brimstone Fiend
  3906 | Temple   | Noticed a red devil
  3908 | Temple   | Noticed Vouqiast the pandemonium lord
  3909 | Temple   | Noticed a cacodemon
  3923 | Temple   | Became a worshipper of Warmaster Okawaru
  3924 | Temple   | 3924 ||| PLANNING D:1-11
  3938 | Temple   | Noticed an Executioner
  3940 | Temple   | Noticed a balrug
  3941 | Temple   | Noticed Relizoel the pandemonium lord
  4034 | D:6      | Reached skill level 13 in Ranged Weapons
  4460 | D:6      | Reached skill level 14 in Ranged Weapons
  4514 | D:6      | Found a blossoming altar of Fedhas.
  4522 | D:6      | 4522 ||| RETREEEEATING.
  4523 | D:6      | 4523 ||| RETREEEEATING.
  4524 | D:6      | 4524 ||| RETREEEEATING.
  4525 | D:6      | 4525 ||| RETREEEEATING.
  4526 | D:6      | 4526 ||| RETREEEEATING.
  4527 | D:6      | 4527 ||| RETREEEEATING.
  4528 | D:6      | 4528 ||| RETREEEEATING.
  4529 | D:6      | 4529 ||| RETREEEEATING.
  4530 | D:6      | 4530 ||| RETREEEEATING.
  4531 | D:6      | 4531 ||| RETREEEEATING.
  4532 | D:6      | 4532 ||| RETREEEEATING.
  4533 | D:6      | 4533 ||| RETREEEEATING.
  4534 | D:6      | 4534 ||| RETREEEEATING.
  4535 | D:6      | 4535 ||| RETREEEEATING.
  4536 | D:6      | 4536 ||| RETREEEEATING.
  4537 | D:6      | 4537 ||| RETREEEEATING.
  4538 | D:6      | 4538 ||| RETREEEEATING.
  4539 | D:6      | 4539 ||| RETREEEEATING.
  4540 | D:6      | 4540 ||| RETREEEEATING.
  4541 | D:6      | 4541 ||| RETREEEEATING.
  4542 | D:6      | 4542 ||| RETREEEEATING.
  4543 | D:6      | 4543 ||| RETREEEEATING.
  4544 | D:6      | 4544 ||| RETREEEEATING.
  4545 | D:6      | 4545 ||| RETREEEEATING.
  4546 | D:6      | 4546 ||| RETREEEEATING.
  4547 | D:6      | 4547 ||| RETREEEEATING.
  4561 | D:6      | Reached XP level 9. HP: 47/52 MP: 11/11
  4574 | D:6      | Reached * piety under Okawaru
  4589 | D:6      | 4589 ||| DROPPING wand of flame (22).
  4730 | D:7      | Reached skill level 1 in Invocations
  4856 | D:7      | Reached skill level 6 in Dodging
  4913 | D:7      | Reached skill level 3 in Invocations
  5060 | D:7      | Identified the +6 rapier of the Building Shrike {spect,
                  | Dex+2}
  5356 | D:7      | Noticed a gargoyle
  5357 | D:7      | 5357 ||| ZAPPING wand of iceblast (6) at 2,2 (gargoyle;
                  | floor).
  5358 | D:7      | Noticed a gargoyle
  5358 | D:7      | Noticed a gargoyle
  5360 | D:7      | Noticed a gargoyle
  5361 | D:7      | 5361 ||| RETREEEEATING.
  5362 | D:7      | 5362 ||| RETREEEEATING.
  5362 | D:7      | HP: 10/52 [gargoyle/stone arrow (19)]
  5363 | D:7      | 5363 ||| READING 2 scrolls of teleportation.
  5363 | D:7      | Killed from afar by a gargoyle

Levels and vault maps discovered:
D:1:      wander_arrival_peaceful_grave, layout_rooms, minmay_misc_feat_roman,
          grunt_decor_one_mirror, hangedman_feature_mirror
D:2:      layout_loops_ring, uniq_jessica
D:3:      layout_basic, shapermc_ecumenical_altar_notcrosses, st_stairs_5,
          kennysheep_potato, uniq_ijyb
D:4:      layout_rooms, kennysheep_vampire_church, mainiacjoe_overflow_catwalk,
          enter_ossuary_2, grunt_decor_cap
D:5:      layout_rooms
D:6:      layout_rooms, fedhas_altar_decomposition, minmay_temple_entry_hall
D:7:      cheibrodos_statue_roulette, layout_loops_ring,
          kennysheep_generic_room_11
Temple:   nicolae_temple_panitentiary

Skill      XL: |  1  2  3  4  5  6  7  8  9 |
---------------+----------------------------+-----
Ranged Weapons | 6 7 8 9 10 12 14 | 14.0
Fighting       | 2 3 4 |  4.1
Armour         | 1 2 |  2.0
Dodging        | 3 5 6 |  6.8
Invocations    | 4 |  4.0
Stealth        | |  1.2

Action                     |  1- 3 |  4- 6 |  7- 9 || total
---------------------------+-------+-------+-------++-------
   Fire: Shortbow          |   119 |   229 |   414 ||   762
  Evoke: Wand              |       |       |     1 ||     1
    Use: Scroll            |     2 |     5 |     3 ||    10
         Potion            |       |     7 |     2 ||     9
 Armour: Leather armour    |    26 |     7 |       ||    33
         Ring mail         |       |    51 |    84 ||   135
         Skin              |       |     1 |       ||     1
  Dodge: Dodged            |    35 |    43 |    83 ||   161
  Block: Other             |     1 |    19 |    32 ||    52
         Reflection        |       |     1 |       ||     1

Table legend:
 A = Non-vault XP
 B = Vault XP
 C = Vault XP percentage of total XP
 D = Non-vault monster count
 E = Vault monster count
 F = Vault count percentage of total count
                 A         B        C        D         E       F
            +---------+---------+-------+---------+---------+-------
      Total |    2885 |    1303 |  31.1 |     129 |      59 |  31.4
            +---------+---------+-------+---------+---------+-------
        D:1 |      39 |       3 |   7.1 |      21 |       2 |   8.7
        D:2 |     148 |      37 |  20.0 |      31 |       1 |   3.1
        D:3 |      61 |      58 |  48.7 |      14 |       6 |  30.0
        D:4 |     219 |     124 |  36.2 |      14 |       7 |  33.3
        D:5 |     564 |       0 |   0.0 |      13 |       0 |   0.0
        D:6 |     848 |     600 |  41.4 |      23 |       7 |  23.3
        D:7 |    1006 |      12 |   1.2 |      13 |       1 |   7.1
    Ossuary |       0 |     469 | 100.0 |       0 |      35 | 100.0
            +---------+---------+-------+---------+---------+-------
